 Dungeon Crawl Stone Soup version 0.18-a0-373-gaf408bd (webtiles) character file.

564 4thArraOfDagon the Insei (level 7, -12/44 HPs)
             Began as a Tengu Monk on Nov 29, 2015.
             Mangled by an ogre
             ... wielding a +0 giant spiked club
              (27 damage)
             ... on level 7 of the Dungeon.
             The game lasted 00:05:29 (852 turns).

4thArraOfDagon the Insei (Tengu Monk)                Turns: 852, Time: 00:05:29

Health: -12/44     AC:  5    Str: 11    XL:     7   Next: 32%
Magic:  8/8        EV: 19    Int: 11    God:
Gold:   41         SH:  0    Dex: 23    Spells: 0 memorised, 6 levels left

rFire  . . .     SeeInvis +       - Unarmed
rCold  . . .     Clarity  .     d - +0 ring mail
rNeg   + . .     SustAt   .     (no shield)
rPois  .         Gourm    .     (helmet restricted)
rElec  .         Spirit   .     (no cloak)
rCorr  .         Warding  .     (no gloves)
rMut   .         Stasis   .     (boots unavailable)
MR     .....                    (no amulet)
Stlth  +++.......               k - ring of see invisible
                                f - ring of positive energy

@: agile, not resistant to hostile enchantments, fairly stealthy
A: beak, talons 3, able to fly 1
a: Fly


You were on level 7 of the Dungeon.
You were not hungry.

You visited 1 branch of the dungeon, and saw 7 of its levels.

You collected 41 gold pieces.

Inventory:

Armour
 d - a +0 ring mail (worn)
Jewellery
 f - a ring of positive energy (left hand)
 k - a ring of see invisible (right hand)
Wands
 e - a wand of flame (3)
Scrolls
 g - a scroll of immolation
 h - a scroll of teleportation
Potions
 j - a potion of beneficial mutation {unknown}
Books
 i - a book of Beasts

   Spells                             Type                      Level
   a - Summon Butterflies             Summoning                    1
   b - Call Canine Familiar           Summoning                    3
   c - Summon Ice Beast               Ice/Summoning                4
   d - Summon Mana Viper              Hexes/Summoning              5
   e - Summon Hydra                   Summoning                    7
Comestibles
 b - a bread ration
 c - a slice of pizza
 l - 8 chunks of flesh


   Skills:
 + Level 4.6 Fighting
 + Level 5.0 Dodging
 - Level 2.0 Stealth
 * Level 7.6 Unarmed Combat


You had 6 spell levels left.
You didn't know any spells.

Dungeon Overview and Level Annotations

Branches:
Dungeon (7/15)
 Temple: D:4-7

Altars:
Makhleb
Trog
The Shining One

Annotations:
D:4 Dowan, Duvessa


Innate Abilities, Weirdness & Mutations

You have a beak for a mouth.
You have claws for feet.
You can fly.


Message History

You butcher the centaur corpse.
l - 8 chunks of flesh (gained 6)
Things that are here:
an uncursed shortbow; 7 arrows of flame; a centaur skeleton Read which item? (? for menu, Esc to quit)
Okay, then.
You open the door.
Found 6 tomahawks.
There is an open door here.
You open the door.
An ogre comes into view. It is wielding a giant spiked club.
Found a helmet.
Found a stone staircase leading down.
There is an open door here.
Unknown command.
The helpless ogre fails to defend itself.
You punch the ogre! You claw the ogre, but do no damage.
The ogre is heavily wounded.
The ogre hits you with a giant spiked club!!
Ouch! That really hurt!
You die...

#.# #.#
###'###
#.....#
#.....#
#.....# ####
#.....# .....
#.....##......
#.....@O......
#..(..##......
####### ..>..
.... .[. ##


You could see an ogre.

Vanquished Creatures
  2 water moccasins (D:6)
  An ogre (D:4)
  2 centaurs
  A scorpion (D:7)
  A crimson imp (D:6)
  An iguana (D:7)
  An adder (D:5)
  An ooze (D:4)
  An adder skeleton (D:6)
  2 orcs
  2 goblins
  A quokka (D:6)
  A ball python (D:4)
  2 giant newts
  A rat (D:1)
20 creatures vanquished.

Notes
Turn   | Place    | Note
--------------------------------------------------------------
     0 | D:1      | 4thArraOfDagon the Tengu Monk began the quest for the Orb.
     0 | D:1      | Reached XP level 1. HP: 14/14 MP: 2/2
   156 | D:4      | Noticed a scorpion
   190 | D:4      | Noticed an ogre
   195 | D:4      | Killed an ogre
   195 | D:4      | Reached skill level 5 in Unarmed Combat
   195 | D:4      | Reached XP level 2. HP: 19/19 MP: 3/3
   195 | D:4      | Reached XP level 3. HP: 23/23 MP: 4/4
   195 | D:4      | Reached XP level 4. HP: 28/28 MP: 5/5
   216 | D:5      | Entered Level 5 of the Dungeon
   251 | D:5      | Noticed a centaur
   265 | D:5      | Killed a centaur
   265 | D:5      | Reached skill level 6 in Unarmed Combat
   265 | D:5      | Gained mutation: You can fly. [Tengu growth]
   265 | D:5      | Reached XP level 5. HP: 30/33 MP: 6/6
   333 | D:5      | Noticed a centaur
   379 | D:4      | Found a burning altar of Makhleb.
   380 | D:4      | Found a glowing golden altar of the Shining One.
   381 | D:4      | Found a bloodstained altar of Trog.
   387 | D:4      | Noticed Duvessa
   389 | D:4      | Noticed Dowan
   398 | D:6      | Noticed a water moccasin
   449 | D:7      | Noticed a hill giant
   451 | D:7      | Noticed an ogre
   462 | D:6      | Noticed a water moccasin
   472 | D:6      | Killed a water moccasin
   472 | D:6      | Reached XP level 6. HP: 34/38 MP: 7/7
   473 | D:6      | Killed a water moccasin
   473 | D:6      | Reached skill level 7 in Unarmed Combat
   764 | D:7      | Reached XP level 7. HP: 40/44 MP: 8/8
   825 | D:7      | Reached skill level 5 in Dodging
   852 | D:7      | Mangled by an ogre

Vault maps used:
D:1:      dpeg_arrival_tiny_c, serial_curves, eino_curves_04, eino_curves_01,
          eino_curves_04
D:2:      first_bread, minmay_ruptured, uniq_sigmund, uniq_natasha
D:3:      ecumenical_altar_1, okawaru_metal_pillars_1_2
D:4:      grunt_qazlal_clouds, grunt_temple_overflow_open,
          minmay_temple_entry_junction2, gup_sewer_entry_spiral,
          nicolae_ashenzari_panopticon, uniq_pikel, uniq_duvessa, uniq_menkaure
D:7:      grunt_ogre_cave, grunt_tough_drop

Action                   |  1- 3 |  4- 6 |  7- 9 || total
-------------------------+-------+-------+-------++-------
Melee: Unarmed           |    12 |    29 |    13 ||    54
Evoke: Wand              |     4 |     6 |     1 ||    11
  Use: Scroll            |     4 |     5 |       ||     9
       Potion            |       |     5 |     1 ||     6
 Stab: Sleeping          |     1 |       |     1 ||     2
  Eat: Chunk             |       |       |     1 ||     1
